 Dungeon Crawl Stone Soup version 0.31-a0-881-ge136f0c47a (webtiles) character file.

Game seed: 16508142560836146727

42 avis the Ducker (level 3, 17/17 HPs)
             Began as a Felid Fighter on Oct 15, 2023.
             Got out of the dungeon alive.
             The game lasted 00:05:00 (847 turns).

avis the Ducker (Felid Fighter)                      Turns: 847, Time: 00:05:00

Health: 17/17      AC:  1    Str: 12    XL:     3   Next: 35%
Magic:  4/4        EV: 19    Int:  9    God:
Gold:   45         SH:  0    Dex: 17    Spells: 2/2 levels left
                                        Lives:  0   Deaths: 1

rFire   . .          .
                       - Unarmed
rCold   . . .        (shield unavailable)
rNeg    . . .        (body armour unavailable)
rPois   .            (helmet unavailable)
rElec   .            (cloak unavailable)
rCorr   .            (gloves unavailable)
SInv    +            (boots unavailable)
Will    .....        (no amulet)
Stlth   ++           (no ring)
HPRegen 0.22/turn    (no ring)
MPRegen 0.09/turn

%: no passive effects
@: quick
A: very small, claws 1, fangs 3, see invisible, speed 1, shaggy fur 1, stealthy
paws, no weapons or thrown items, no armour, multi-lived
a: no special abilities


You escaped.
You visited 1 branch of the dungeon, and saw 2 of its levels.

You collected 45 gold pieces.

Inventory:

Jewellery
 h - a ring of wizardry
 i - an amulet of the acrobat
Scrolls
 b - 2 scrolls of identify {unknown}
 e - a scroll of blinking {unknown}
 g - 3 scrolls of enchant armour {unknown}
 k - a scroll of fear {unknown}
Potions
 a - 2 potions of might
 c - a potion of magic {unknown}
 d - a potion of haste {unknown}
 f - a potion of resistance {unknown}
 j - a potion of brilliance {unknown}


   Skills:
 - Level 3.0 Fighting
 * Level 5.1 Dodging
 - Level 3.0 Stealth
 - Level 4.0 Unarmed Combat


You had 2 spell levels left.
You didn't know any spells.
Your spell library contained the following spells:

 Spells                   Type           Power      Damage    Failure   Level
 Necrotise                Necr           0%         1d4       38%         1
 Vampiric Draining        Necr           0%         2d6       77%         3
 Agony                    Necr           0%         N/A       100%        5


Dungeon Overview and Level Annotations

Branches:
Dungeon (2/15)

Altars:


Innate Abilities, Weirdness & Mutations

You have sharp claws.
You have razor-sharp teeth.
You have supernaturally acute eyesight. (SInv)
You cover ground quickly. (Speed+)
You are covered in fur. (AC +1)
Your paws help you pounce on unaware monsters.
You are incapable of wielding weapons or throwing items.
You cannot wear armour.
You gain extra lives every three experience levels.


Message History

You see here a bat corpse.
There is an escape hatch in the floor here.
Done exploring.
Done exploring.
Done exploring.
Search for what [? for help]? .
There is a stone staircase leading down here.
You climb downwards.
Found a scroll labelled VUOQOE KELI and an orange potion.
There is a stone staircase leading up here.
A gnoll comes into view. It is wielding a +0 spear.
The gnoll shouts!
You hear a shout!
You barely miss the endoplasm. You claw the endoplasm.
You kill the endoplasm!
A bat comes into view.
The gnoll barely misses you.
A gnoll comes into view. It is wielding a +0 spear.
There is a stone staircase leading up here.
There is a stone staircase leading up here.
The gnoll hits you from afar with a +0 spear!
Ouch! That really hurt!
The gnoll hits you with a +0 spear.
* * * LOW HITPOINT WARNING * * *
You climb upwards.
There is a stone staircase leading down here.
You start resting.
A gnoll is nearby!
You scratch the gnoll.
The gnoll is moderately wounded.
The gnoll hits you with a +0 spear.
You scratch the gnoll.
The gnoll is heavily wounded.
The gnoll closely misses you.
You scratch the gnoll.
The gnoll is almost dead.
The gnoll hits you with a +0 spear!
You die...
You rejoin the land of the living...
There is a staircase leading out of the dungeon here.
You have escaped!

....# ###########....##†# #.#
#######...).### #...###.#####.###
...###........###...# #.........#
....##.....†...##...#########.#.#
....####...##..##................
....# #######..#...######..###.#
...####### ##'#'### #..# #.#
.........# #....# #..###.#
#.#.#....# #.@..##### #..#...#
#.#....).# ######.##...# #..#.###
#.######## #.#.##....#.# #..#.#
#.# #.#.#######.# #..#.# #.#
####.#.## #.###..#.# #.#
#.......######......#.# #†##
#.#####.#..........##.# ...## #.#
#....##########.# ....# #.#
#....# #........#


There were no monsters in sight!

Vanquished Creatures
  3 dart slugs (D:1)
  A ball python (D:1)
  3 endoplasms
  2 giant cockroaches (D:1)
  3 goblins (D:1)
  4 hobgoblins (D:1)
  3 jackals (D:1)
  4 bats (D:1)
  2 kobolds (D:1)
  10 rats (D:1)
35 creatures vanquished.

Notes
Turn   | Place    | Note
-------+----------+-------------------------------------------
     0 | D:1      | avis the Felid Fighter began the quest for the Orb.
     0 | D:1      | Reached XP level 1. HP: 10/10 MP: 2/2
    27 | D:1      | Reached skill level 1 in Stealth
   141 | D:1      | Reached XP level 2. HP: 14/14 MP: 3/3
   328 | D:1      | Reached skill level 5 in Dodging
   557 | D:1      | Reached XP level 3. HP: 17/17 MP: 4/4
   815 | D:1      | Slain by a gnoll
   847 | D:$      | Got out of the dungeon alive.

Illustrated notes

Levels and vault maps discovered:
D:1:      dpeg_arrival_ratfight, layout_loops_ring
D:2:      layout_loops_ring, columned_hall_lemuel

Skill      XL: |  1  2  3 |
---------------+----------+-----
Stealth        | 2 3 |  3.0
Dodging        | 5 |  5.1
Fighting       | |  3.0
Unarmed Combat | |  4.0

Action                     || total
---------------------------++-------
  Melee: Unarmed           ||    65
         Bite              ||     5
         Punch             ||     2
   Stab: Sleeping          ||    15
 Armour: Skin              ||    13
  Dodge: Dodged            ||    38

Table legend: (Time is in decaauts)
 A = Elapsed time spent in this place.
 B = Non-inter-level travel time spent in this place.
 C = Inter-level travel time spent in this place.
 D = Time resting spent in this place.
 E = Time spent auto-exploring this place.
 F = Levels seen in this place.
 G = Mean time per level.
                   A        B        C        D        E       F      G
               +--------+--------+--------+--------+--------+-----+--------+
         Total |    697 |    655 |     42 |     20 |    371 |   2 |  348.5 |
       Dungeon |    697 |    655 |     42 |     20 |    371 |   2 |  348.5 |
               +--------+--------+--------+--------+--------+-----+--------+

Top non-repeatable levels by time:
     D:1: 691 daAuts
     D:2: 5 daAuts
